 Dungeon Crawl Stone Soup version 0.20-a0-270-g8e735b6 (webtiles) character file.

390 junb69 the Cudgeler (level 6, -2/50 HPs)
             Began as a Demigod Fighter on Dec 10, 2016.
             Killed by nerve-wracking pain
             ... invoked by Grinder
              (13 damage)
             ... on level 4 of the Dungeon.
             The game lasted 00:06:33 (3313 turns).

junb69 the Cudgeler (Demigod Fighter)               Turns: 3313, Time: 00:06:34

Health: -2/50      AC:  7    Str: 24    XL:     6   Next: 25%
Magic:  8/8        EV:  9    Int: 12    God:
Gold:   145        SH: 10    Dex: 19    Spells: 5/5 levels left

rFire  . . .     SeeInvis .     a - +0 flail
rCold  . . .     Gourm    .     b - +0 scale mail
rNeg   . . .     Faith    .     m - +0 buckler
rPois  .         Spirit   .     (no helmet)
rElec  .         Reflect  +     w - +0 cloak (curse)
rCorr  .         Harm     .     (no gloves)
MR     .....                    (no boots)
Stlth  ..........               i - +5 amulet of reflection
                                (no ring)
                                (no ring)

@: mighty
A: high mp 1
a: no special abilities


You were on level 4 of the Dungeon.
You were not hungry.

You visited 1 branch of the dungeon, and saw 4 of its levels.

You collected 145 gold pieces.

Inventory:

Hand Weapons
 a - a +0 flail (weapon)
Missiles
 l - 3 tomahawks (quivered)
Armour
 b - a +0 scale mail (worn)
 c - a +0 shield
 m - a +0 buckler (worn)
 w - a cursed +0 cloak (worn)
Jewellery
 i - a +5 amulet of reflection (around neck)
Scrolls
 e - a scroll of blinking {unknown}
 h - 2 scrolls of magic mapping
 o - a scroll of fog {unknown}
 s - 2 scrolls of remove curse
 y - a scroll of teleportation {unknown}
Potions
 j - a potion of lignification {unknown}
 k - 3 potions of haste
 n - 2 potions of brilliance {unknown}
 p - 3 potions of curing
 r - a potion of ambrosia {unknown}
 t - a potion of invisibility {unknown}
 u - a potion of magic {unknown}
 v - a potion of cure mutation {unknown}
 x - a potion of heal wounds {unknown}
 B - a potion of resistance {unknown}
Comestibles
 f - 5 bread rations
 q - 4 chunks of flesh
 z - a beef jerky
 A - a meat ration


   Skills:
 - Level 2.6 Fighting
 * Level 6.4 Maces & Flails
 - Level 2.6 Armour
 - Level 2.6 Shields


You had 5 spell levels left.
You didn't know any spells.

Dungeon Overview and Level Annotations

Branches:
Dungeon (4/15)             Temple (0/1) D:4

Annotations:
D:4 Grinder


Innate Abilities, Weirdness & Mutations

You have an increased reservoir of magic. (+10% MP)


Message History

Pain shoots through your body! Grinder gestures at you.
Pain shoots through your body!
* * * LOW HITPOINT WARNING * * *
Grinder gestures at you.
You struggle to resist.
Grinder gestures at you. You resist with some effort.
Grinder hits you but does no damage.
You barely miss Grinder.
Grinder is heavily wounded.
Grinder hits you but does no damage.
You hit Grinder.
Grinder is severely wounded.
Grinder barely misses you.
You sock Grinder!
Grinder is almost dead.
Grinder gestures at you. Pain shoots through your body!
You die...

..## #.....# ##......##
...### ##.......###.).....#
.....###.........###)..##.#
.....<...........##...#####
..###.....................#
..# ###...................#
..# #...#...............#
..######.............######
...............5@..###
..................##
................?.#
........###.......#
.......## ##......#
.......# ##.....# .[....##
##....# ###...# ......
#####


You could see Grinder.

Vanquished Creatures
  2 crimson imps (D:4)
  A bullfrog skeleton (D:4)
  4 orc wizards
  Terence (D:2)
  7 adders (D:2)
  An ooze (D:1)
  4 worms
  2 dart slugs (D:1)
  2 leopard geckos (D:2)
  7 orcs
  3 ball pythons
  4 bats
  2 giant cockroaches
  6 goblins
  3 hobgoblins
  7 jackals
  8 kobolds
  A quokka (D:2)
  5 frilled lizards
  11 rats
81 creatures vanquished.

Notes
Turn   | Place    | Note
-------+----------+-------------------------------------------
     0 | D:1      | junb69 the Demigod Fighter began the quest for the Orb.
     0 | D:1      | Reached XP level 1. HP: 18/18 MP: 3/3
    57 | D:1      | Reached skill level 2 in Maces & Flails
   179 | D:1      | Reached XP level 2. HP: 25/25 MP: 4/4
   560 | D:1      | Reached skill level 3 in Maces & Flails
   997 | D:2      | Reached XP level 3. HP: 28/30 MP: 5/5
  1055 | D:2      | Noticed Terence
  1066 | D:2      | Killed Terence
  1210 | D:2      | Reached skill level 4 in Maces & Flails
  1254 | D:2      | Reached XP level 4. HP: 36/37 MP: 6/6
  1270 | D:2      | Found a faded altar of an unknown god.
  1289 | D:2      | Found a hide-covered altar of Uskayaw.
  1423 | D:2      | Found a bloodstained altar of Trog.
  2258 | D:3      | Reached skill level 5 in Maces & Flails
  2522 | D:3      | Reached XP level 5. HP: 20/42 MP: 7/7
  2666 | D:4      | Noticed Grinder
  2764 | D:4      | Found a staircase to the Ecumenical Temple.
  3028 | D:4      | Reached skill level 6 in Maces & Flails
  3028 | D:4      | Reached XP level 6. HP: 46/50 MP: 8/8
  3313 | D:4      | Killed from afar by Grinder

Vault maps used:
D:1:      elethiomel_arrival_infinity_welcomes_careful_drivers
D:2:      bloody_trog, lemuel_round_altar,
          chequers_ecumenical_altar_simple_redux, first_bread, uniq_terence
D:4:      uniq_sigmund, uniq_grinder

Skill      XL: |  1  2  3  4  5 |
---------------+----------------+-----
Maces & Flails | 2 3 4 5 6 |  6.4
Fighting       | |  2.6
Armour         | |  2.6
Shields        | |  2.6

Action                   |  1- 3 |  4- 6 || total
-------------------------+-------+-------++-------
Melee: Flail             |    98 |   223 ||   321
Throw: Tomahawk          |     3 |       ||     3
  Use: Scroll            |       |     3 ||     3
       Potion            |       |     1 ||     1
  Eat: Chunk             |     1 |     7 ||     8
Armor: Scale mail        |    42 |    70 ||   112
Dodge: Dodged            |    35 |    74 ||   109
Block: Other             |     3 |       ||     3
       Buckler           |    47 |   107 ||   154
       Reflection        |     5 |     1 ||     6
